 Dungeon Crawl Stone Soup version 0.30-b1-2-g02819fbbbe (webtiles) character file.

Game seed: 16777098856833520786

82 Borgoz the Trooper (level 4, -2/60 HPs)
             Began as a Hill Orc Berserker on June 17, 2023.
             Was a Believer of Trog.
             Succumbed to a goblin's poison
             ... on level 4 of the Dungeon.
             The game lasted 00:02:56 (2438 turns).

Borgoz the Trooper (Hill Orc Berserker)             Turns: 2438, Time: 00:02:57

Health: -2/60      AC:  5    Str: 19    XL:     4   Next: 43%
Magic:  4/4        EV: 11    Int:  7    God:    Trog [**....]
Gold:   158        SH:  0    Dex: 12    Spells: 3/3 levels left

rFire   . . .        a - +0 falchion
rCold   . . .        (no shield)
rNeg    . . .        k - +0 ring mail
rPois   .            (no helmet)
rElec   .            (no cloak)
rCorr   .            (no gloves)
SInv    .            (no boots)
Will    .....        (no amulet) Stlth
                     (no ring)
HPRegen 0.30/turn    (no ring)
MPRegen 0.09/turn

%: no passive effects
@: berserking, lethally poisoned (-2 -> -24), very quick
A: no striking features
a: Renounce Religion, Berserk, Trog's Hand


You were on level 4 of the Dungeon.
You worshipped Trog.
Trog was pleased with you.
You visited 1 branch of the dungeon, and saw 4 of its levels.

You collected 158 gold pieces.

Inventory:

Hand Weapons
 a - a +0 falchion (weapon)
Missiles
 d - 4 atropa-tipped darts (quivered)
 e - 4 javelins
Armour
 k - a +0 ring mail (worn)
Scrolls
 f - 2 scrolls of teleportation
 i - a scroll of noise {unknown}
 l - a scroll of magic mapping {unknown}
 n - a scroll of immolation {unknown}
 q - a scroll of silence {unknown}
 r - a scroll of poison {unknown}
 s - a scroll of blinking {unknown}
Potions
 b - a potion of haste {unknown}
 c - a potion of might {unknown}
 g - a potion of flight
 h - a potion of curing
 j - a potion of brilliance {unknown}
 m - a potion of ambrosia {unknown}
 o - 2 potions of attraction {unknown}
 p - a potion of degeneration {unknown}


   Skills:
 * Level 4.2 Fighting
 * Level 3.9 Long Blades
 + Level 0.4 Throwing
 * Level 3.1 Armour
 * Level 2.1 Dodging
 + Level 0.8 Stealth


You had 3 spell levels left.
You didn't know any spells.
Your spell library was empty.

Dungeon Overview and Level Annotations

Branches:
Dungeon (4/15)
 Temple: D:4-7

Altars:

Shops:
D:2 (


Message History

You feel very sick.
The goblin hits you with a +0 dagger of venom.
You are too injured to fight recklessly!
You are too injured to fight recklessly!
You are too injured to fight recklessly!
You are too injured to fight recklessly!
You are too injured to fight recklessly!
You are too injured to fight recklessly!
You are too injured to fight recklessly!
You are too injured to fight recklessly!
You are too injured to fight recklessly!
You are too injured to fight recklessly!
You are too injured to fight recklessly!
You feel very sick. The goblin hits you but does no damage.
You barely miss the goblin.
* * * LOW HITPOINT WARNING * * *
You feel very sick.
The goblin hits you with a +0 dagger of venom.
* * * LOW HITPOINT WARNING * * *
The goblin hits you but does no damage.
You are more poisoned.
A red film seems to cover your vision as you go berserk!
You feel yourself moving faster!
You feel mighty!
* * * LOW HITPOINT WARNING * * *
You feel very sick. The goblin barely misses you.
You barely miss the goblin.
* * * LOW HITPOINT WARNING * * *
You feel very sick.
You closely miss the goblin.
* * * LOW HITPOINT WARNING * * *
You feel very sick.
The goblin hits you with a +0 dagger of venom.
* * * LOW HITPOINT WARNING * * *
You are more poisoned.
You slash the goblin!
You kill the goblin!
Trog accepts your kill.
You die...

..........##.#
.#....<......#
..........#### ####
#.#.........# #..[##
#.#.......#.# ##.....##
..#########.# ##.......#
#>#########.###.........
........................
#####...........@.......
# #.#####.##..)......# #
#.# #.###.......## #.#
#.# ####...... #.# #.#
###### #.# #.# #.# #.#
... ..# ###


There were no monsters in sight!

Vanquished Creatures
  2 adders
  A worm (D:3)
  2 dart slugs (D:2)
  11 bats
  10 endoplasms
  2 goblins
  3 hobgoblins (D:1)
  A quokka (D:2)
  6 ball pythons
  A frilled lizard (D:1)
  10 kobolds
  5 rats
54 creatures vanquished.

Notes
Turn   | Place    | Note
-------+----------+-------------------------------------------
     0 | D:1      | Borgoz the Hill Orc Berserker began the quest for the Orb.
     0 | D:1      | Reached XP level 1. HP: 19/19 MP: 1/1
     0 | D:1      | Noticed a minotaur
     0 | D:1      | Noticed a demigod
     3 | D:1      | Noticed a felid
     5 | D:1      | Noticed a demonspawn
     6 | D:1      | Noticed a vine stalker
     8 | D:1      | Noticed a tengu
    11 | D:1      | Noticed a ghoul
    11 | D:1      | Noticed an ogre
    13 | D:1      | Noticed a formicid
    15 | D:1      | Noticed an ogre
    15 | D:1      | Noticed a draconian
    17 | D:1      | Noticed an ogre
    19 | D:1      | Noticed an ogre
    21 | D:1      | Noticed a gargoyle
   144 | D:1      | Reached XP level 2. HP: 22/27 MP: 2/2
   497 | D:1      | Reached XP level 3. HP: 33/33 MP: 3/3
  1057 | D:1      | Reached skill level 4 in Fighting
  1143 | D:2      | Found Tahaw's Antique Weapon Emporium.
  1314 | D:2      | Reached ** piety under Trog
  2069 | D:3      | Reached XP level 4. HP: 34/40 MP: 4/4
  2437 | D:4      | HP: 3/60 [poisoned by a goblin]
  2438 | D:4      | Succumbed to a goblin's poison

Illustrated notes

Levels and vault maps discovered:
D:1:      shiori_arrival_whats_in_store_for_you, layout_basic
D:2:      layout_rooms, serial_shops, shop
D:3:      layout_loops_ring
D:4:      layout_loops_ring

Skill      XL: |  1  2  3 |
---------------+----------+-----
Fighting       | 4 |  4.2
Dodging        | 2 |  2.1
Armour         | 3 |  3.1
Long Blades    | |  3.9
Throwing       | |  0.4
Stealth        | |  0.8

Action                     |  1- 3 |  4- 6 || total
---------------------------+-------+-------++-------
  Melee: Falchion          |   150 |    27 ||   177
 Invoke: Berserk           |     2 |     1 ||     3
    Use: Scroll            |     3 |     1 ||     4
   Stab: Sleeping          |     3 |       ||     3
 Armour: Animal skin       |    20 |       ||    20
         Ring mail         |    24 |    13 ||    37
  Dodge: Dodged            |   120 |    12 ||   132
